 Dungeon Sprint DCSS version 0.31-a0-875-g02e7d12df6 (webtiles) character file.

Game seed: 11405480807008180509

3592 rocky1 the Covert (level 9, -21/82 HPs)
             Began as a Minotaur Brigand on Oct 12, 2023.
             Was the Champion of Cheibriados.
             Killed themself with a badly aimed burst of rock shards (22 damage)
             ... in the Dungeon (Sprint IV: "Fedhas' Mad Dash").
             The game lasted 00:12:04 (2298 turns).

rocky1 the Covert (Minotaur Brigand)                Turns: 2298, Time: 00:12:05

Health: -21/82     AC:  4    Str: 31    XL:     9   Next: 85%
Magic:  10/10      EV: 12    Int: 23    God:    Cheibriados [******]
Gold:   173        SH: 10    Dex: 31    Spells: 6/8 levels left

rFire   . . .        o - +0 rapier (venom)
rCold   . . .        p - +2 buckler {reflect}
rNeg    . . .        m - +0 leather armour
rPois   .            (helmet restricted)
rElec   .            c - +0 cloak
rCorr   .            (no gloves)
SInv    .            (no boots)
Will    .....        l - amulet of invisibility {+Inv}
Stlth   ++++++       (no ring)
HPRegen 0.33/turn    (no ring)
MPRegen 0.12/turn

%: no teleportation, reflection
@: very slow
A: horns 2, retaliatory headbutt
a: Renounce Religion, Evoke Invisibility, Bend Time, Temporal Distortion,
Slouch, Step From Time


You were in the Dungeon.
You worshipped Cheibriados.
Cheibriados was exalted by your worship.
You visited 1 branch You collected 173 gold pieces.

Inventory:

Hand Weapons
 a - a +2 dagger
 o - a +0 rapier of venom (weapon)
Missiles
 d - 9 poisoned darts (quivered)
 e - 3 curare-tipped darts
Armour
 b - a +0 robe
 c - a +0 cloak (worn)
 m - a +0 leather armour (worn)
 p - a +2 buckler of reflection (worn)
Jewellery
 f - a ring of ice
 l - the amulet of invisibility (around neck) {+Inv}
   (You found it in the Dungeon)

   [amulet of nothing]

   +Inv:      It lets you turn invisible.
Talismans
 n - a serpent talisman
Scrolls
 k - a scroll of poison {unknown}
 t - a scroll of identify {unknown}
Potions
 g - 2 potions of heal wounds
 h - a potion of haste
 i - 2 potions of magic
 j - a potion of berserk rage
 q - a potion of attraction {unknown}
Miscellaneous
 r - a tin of tremorstones (1/2)
 s - a phial of floods


   Skills:
 + Level 8.8 Fighting
 + Level 9.4 Short Blades
 - Level 3.8 Throwing
 - Level 1.6 Dodging
 + Level 14.2 Stealth
 - Level 7.6 Shields
 - Level 3.5 Invocations
 * Level 9.8 Evocations
 - Level 1.4 Shapeshifting


You had 6 spell levels left.
You knew the following spells:

 Your Spells              Type           Power      Damage    Failure   Level
a - Blink                 Tloc           0%         N/A       30%         2

Your spell library contained the following spells:

 Spells                   Type           Power      Damage    Failure   Level
 Lesser Beckoning         Tloc           0%         N/A       30%         2
 Momentum Strike          Conj/Tloc      0%         3d8       30%         2


Dungeon Overview and Level Annotations

Branches:
Dungeon (1/1)

Altars:
Cheibriados
Dithmenos
Elyvilon
Gozag
Hepliaklqana
Kikubaaqudgha
Makhleb
Nemelex Xobeh
Okawaru
Qazlal
Ru
Sif Muna
Trog
Uskayaw
Vehumet
Wu Jian
Xom
Yredelemnul
Zin
The Shining One
Jiyva
Lugonu

Shops:
D ([(!(

Annotations:
D Agnes


Innate Abilities, Weirdness & Mutations

You have a pair of horns on your head.
You reflexively headbutt those who attack you in melee.


Message History

The ballistomycete spore explodes!
The explosion of spores engulfs you!
You are confused.
Unknown command.
You start resting.
You feel less confused.
You start resting.
HP restored.
You start waiting.
Done waiting.
You start waiting.
Done waiting.
You see here a +0 ring mail.
You open the door.
Agnes the Wanderer comes into view.
She is wielding a +0 lajatang.
There is an open door here.
A spriggan berserker comes into view. It is wielding a +0 quarterstaff.
Found Vusm's Antique Weapon Emporium.
The tremorstone explodes into fragments!
The burst of rock shards engulfs the spriggan berserker!!
The spriggan berserker shouts!
The burst of rock shards engulfs Agnes!!
Agnes shouts!
The burst of rock shards engulfs you!
The burst of rock shards engulfs Agnes!!
The burst of rock shards engulfs you!!
The burst of rock shards engulfs Agnes!!
The burst of rock shards engulfs you!
You hear a shout! x2
The spriggan berserker utters an invocation to Trog.
The elephant goes berserk!
The tremorstone explodes into fragments!
The burst of rock shards engulfs you!
* * * LOW HITPOINT WARNING * * *
The burst of rock shards engulfs the spriggan berserker!
The burst of rock shards engulfs you!!
* * * LOW HITPOINT WARNING * * *
The burst of rock shards engulfs the spriggan berserker!
The burst of rock shards engulfs you!!
You die...

#..._._._._...#..###'##...##∩#
#.._._._._._..#..##∩∩.'...####
#._._._._._.⌠.#############
##################
#♣♣♣♣♣..♣.###.'.[+
......♣..♣##..#..#
♣..♣♣♣.♣).###.##'#
.♣♣..♣...♣'...#♣.♣### #
#############.@...#
#..♣i.♣....# #.i.♣......♣..
.Y....♣.....∩. ###############


You could see Agnes, an elephant (summoned, berserk) and a spriggan berserker.

Vanquished Creatures
  A spriggan druid (D)
  3 oklob plants (D)
  3 burning bushes (D)
  A queen bee (D)
  3 wandering mushrooms (D)
  3 scorpions (D)
  4 killer bees (D)
  5 oklob saplings (D)
  2 spriggans (D)
  A river rat (D)
  A rat (D)
  A ballistomycete spore (D)
28 creatures vanquished.

Notes
Turn   | Place    | Note
-------+----------+-------------------------------------------
     0 | D        | rocky1 the Minotaur Brigand began the quest for the Orb.
     0 | D        | Reached XP level 1. HP: 18/18 MP: 0/0
    10 | D        | Reached skill level 4 in Stealth
    10 | D        | Reached XP level 2. HP: 25/25 MP: 1/1
    13 | D        | Noticed an oklob sapling
    15 | D        | Killed an oklob sapling
    16 | D        | Reached skill level 5 in Stealth
    16 | D        | Reached XP level 3. HP: 31/31 MP: 2/2
    18 | D        | Noticed a scorpion
    18 | D        | Found the amulet of invisibility {+Inv}
    20 | D        | Killed a scorpion
    21 | D        | Reached skill level 7 in Stealth
    21 | D        | Reached XP level 4. HP: 40/40 MP: 3/3
    58 | D        | Found an opulent altar of Gozag.
    58 | D        | Found a hazy altar of Hepliaklqana.
    58 | D        | Found a burning altar of Makhleb.
    58 | D        | Found a sparkling altar of Nemelex Xobeh.
    58 | D        | Found a snail-covered altar of Cheibriados.
    58 | D        | Found a sacrificial altar of Ru.
    58 | D        | Found a shimmering blue altar of Sif Muna.
    58 | D        | Found a shimmering altar of Xom.
    58 | D        | Found a basalt altar of Yredelemnul.
    59 | D        | Found a viscous altar of Jiyva.
    59 | D        | Found a bloodstained altar of Trog.
    59 | D        | Found an ornate altar of the Wu Jian Council.
    60 | D        | Found an iron altar of Okawaru.
    60 | D        | Found a shadowy altar of Dithmenos.
    60 | D        | Found a glowing silver altar of Zin.
    61 | D        | Found an ancient bone altar of Kikubaaqudgha.
    61 | D        | Found a hide-covered altar of Uskayaw.
    62 | D        | Found a stormy altar of Qazlal.
    62 | D        | Found a white marble altar of Elyvilon.
    62 | D        | Found a glowing golden altar of the Shining One.
    63 | D        | Found a corrupted altar of Lugonu.
    63 | D        | Found a radiant altar of Vehumet.
    68 | D        | Reached skill level 8 in Stealth
    68 | D        | Reached skill level 1 in Evocations
    68 | D        | Reached XP level 5. HP: 46/46 MP: 4/4
    70 | D        | Became a worshipper of Cheibriados the Contemplative
   329 | D        | Noticed a queen bee
   336 | D        | Killed a queen bee
   336 | D        | Reached * piety under Cheibriados
   337 | D        | Reached skill level 10 in Stealth
   337 | D        | Reached XP level 6. HP: 52/52 MP: 5/5
   338 | D        | Reached ** piety under Cheibriados
   339 | D        | Reached skill level 11 in Stealth
   341 | D        | Reached *** piety under Cheibriados
   342 | D        | Reached XP level 7. HP: 22/59 MP: 6/6
   692 | D        | Noticed an oklob plant
   695 | D        | Killed an oklob plant
   695 | D        | Reached **** piety under Cheibriados
   696 | D        | Reached skill level 12 in Stealth
   746 | D        | Noticed a burning bush
   767 | D        | Killed a burning bush
   768 | D        | Reached skill level 5 in Short Blades
   768 | D        | Reached XP level 8. HP: 49/66 MP: 7/7
   776 | D        | Noticed a burning bush
   776 | D        | Noticed an oklob plant
   831 | D        | Reached ***** piety under Cheibriados
   832 | D        | Reached skill level 13 in Stealth
   832 | D        | Reached skill level 1 in Shapeshifting
   964 | D        | Found Gauciyweo's Antique Armour Shop.
   964 | D        | Found Luaro's Antique Weapon Emporium.
   973 | D        | Noticed a burning bush
   973 | D        | Noticed a wandering mushroom
   974 | D        | Noticed a wandering mushroom
   976 | D        | Killed a wandering mushroom
   977 | D        | Reached skill level 5 in Fighting
   985 | D        | Killed a wandering mushroom
  1442 | D        | Killed a burning bush
  1573 | D        | Found Plog's Antique Weapon Emporium.
  1573 | D        | Found Haasa's Distillery.
  1649 | D        | Noticed a wandering mushroom
  1960 | D        | Killed a burning bush
  1960 | D        | Reached ****** piety under Cheibriados
  1961 | D        | Reached skill level 5 in Shields
  1961 | D        | Reached skill level 1 in Invocations
  1961 | D        | Reached XP level 9. HP: 78/78 MP: 7/9
  1998 | D        | Killed an oklob plant
  2004 | D        | Killed a wandering mushroom
  2025 | D        | Noticed a spriggan druid
  2026 | D        | Killed a spriggan druid
  2027 | D        | Reached skill level 14 in Stealth
  2044 | D        | Noticed an oklob plant conjurer
  2046 | D        | Killed an oklob plant conjurer
  2056 | D        | Learned a level 2 spell: Blink
  2293 | D        | Noticed Agnes
  2295 | D        | Found Vusm's Antique Weapon Emporium.
  2295 | D        | Noticed a spriggan berserker
  2298 | D        | Noticed an elephant
  2298 | D        | HP: 1/82 [shot self (22)]
  2298 | D        | Killed themself with a badly aimed burst of rock shards

Illustrated notes

Levels and vault maps discovered:
D:        dungeon_sprint_fedhas [sprint_temple]

Skill      XL: |  1  2  3  4  5  6  7  8  9 |
---------------+----------------------------+-----
Stealth        | 4 5 7 8 10 11 12 13 14 | 14.2
Fighting       | 3 4 6 8 |  8.8
Throwing       | 3 |  3.8
Short Blades   | 3 5 7 9 |  9.4
Evocations     | 1 6 7 9 |  9.8
Shapeshifting  | 1 |  1.4
Shields        | 5 7 |  7.6
Invocations    | 1 3 |  3.5
Dodging        | |  1.6

Action                     |  1- 3 |  4- 6 |  7- 9 || total
---------------------------+-------+-------+-------++-------
  Melee: Dagger            |     4 |     6 |    24 ||    34
         Headbutt          |     2 |       |    17 ||    19
         Punch             |       |       |     1 ||     1
         Rapier            |       |       |    24 ||    24
Ability: Evoke Invisibilit |       |     3 |     7 ||    10
  Evoke: Tin of tremorston |       |       |     1 ||     1
    Use: Potion            |       |     1 |     1 ||     2
         Scroll            |       |       |     1 ||     1
   Stab: Sleeping          |     2 |     5 |    10 ||    17
         Distracted        |       |       |     1 ||     1
         Invisible         |       |       |     2 ||     2
 Armour: Leather armour    |       |     8 |    20 ||    28
  Dodge: Dodged            |     1 |     6 |     7 ||    14
  Block: Buckler           |       |       |     5 ||     5
         Reflection        |       |       |     3 ||     3

Table legend: (Time is in decaauts)
 A = Elapsed time spent in this place.
 B = Non-inter-level travel time spent in this place.
 C = Inter-level travel time spent in this place.
 D = Time resting spent in this place.
 E = Time spent auto-exploring this place.
 F = Levels seen in this place.
 G = Mean time per level.
                   A        B        C        D        E       F      G
               +--------+--------+--------+--------+--------+-----+--------+
         Total |   2525 |   2525 |      0 |   1818 |      0 |   1 | 2525.0 |
       Dungeon |   2525 |   2525 |      0 |   1818 |      0 |   1 | 2525.0 |
               +--------+--------+--------+--------+--------+-----+--------+

Top non-repeatable levels by time:
       D: 2525 daAuts
